 Dungeon Crawl Stone Soup version 0.14-a0-586-g2535b90 (webtiles) character file.

494 PolkaDot the Gusty (level 6, -2/41 HPs)
             Began as a Vampire Air Elementalist on Nov 4, 2013.
             Killed from afar by Duvessa (9 damage)
             ... with a wand of flame
             ... on Level 4 of the Dungeon.
             The game lasted 00:26:21 (4195 turns).

PolkaDot the Gusty (Vampire Air Elementalist)       Turns: 4195, Time: 00:26:25

HP  -2/41        AC  3     Str  7      XL: 6   Next: 57%
MP   2/12        EV 12     Int 19      God:
Gold 87          SH  0     Dex 14      Spells:  3 memorised,  3 levels left

Res.Fire  : . . .   See Invis. : +   f - +2,+0 elf short sword
Res.Cold  : . . .   Warding    : .   a - +0 robe
Life Prot.: + . .   Conserve   : .   (no shield)
Res.Poison: .       Res.Corr.  : .   (no helmet)
Res.Elec. : .       Clarity    : .   g - +0 cloak
Sust.Abil.: . .     Spirit.Shd : .   (no gloves)
Res.Mut.  : .       Stasis     : .   (no boots)
Res.Rott. : .       Flight     : .   (no amulet)
Saprovore : . . .                    (no ring)
                                     (no ring)

@: slightly resistant to hostile enchantments, stealthy
A: bottle blood, fangs 3, see invisible, unbreathing
a: Bat Form, Bottle Blood


You were on level 4 of the Dungeon.
You were not thirsty.

You visited 1 branch of the dungeon, and saw 4 of its levels.

You collected 87 gold pieces.

Inventory:

Hand weapons
 f - a +2,+0 elven short sword (weapon)
Armour
 a - a +0 robe (worn)
 g - a +0 cloak (worn)
Scrolls
 c - 2 scrolls of teleportation {unknown}
 d - 3 scrolls of remove curse
 e - a scroll of curse jewellery {unknown}
 i - a scroll of blinking {unknown}
 k - a scroll of noise {unknown}
 l - 2 scrolls of identify
 m - a scroll of curse armour {unknown}
 n - a scroll of enchant armour {unknown}
Potions
 h - 2 potions of cure mutation
Books
 b - a book of Air

   Spells                             Type                      Level
   *Shock                             Conjuration/Air              1
   *Swiftness                         Charms/Air                   2
   Repel Missiles                     Charms/Air                   2
   Flight                             Charms/Air                   3
   *Static Discharge                  Conjuration/Air              3
   Lightning Bolt                     Conjuration/Air              5


   Skills:
 - Level 2.1 Dodging
 - Level 3.0 Stealth
 + Level 2.0 Spellcasting
 - Level 3.1 Conjurations
 * Level 5.8 Air Magic


You had 3 spell levels left.
You knew the following spells:

 Your Spells              Type           Power        Failure   Level  Hunger
a - Static Discharge      Conj/Air       ###.....     12%         3    ####...
q - Swiftness             Chrm/Air       ##........   10%         2    ##.....
s - Shock                 Conj/Air       ###.         3%          1    #......


Dungeon Overview and Level Annotations

Branches:
Dungeon (4/27)
 Temple: D:4-7

Altars:

Annotations:
D:4 Duvessa


Innate Abilities, Weirdness & Mutations

You can bottle blood from corpses.
You have razor-sharp teeth.*
You have supernaturally acute eyesight.
You can survive without breathing.*


Message History

Confirm with . or Enter, or press ? or * to list all spells.
Okay, then.
Drink which item? (? for menu, Esc to quit)
Okay, then.
Casting: Static Discharge
Confirm with . or Enter, or press ? or * to list all spells.
Duvessa is struck by lightning.
Duvessa is severely wounded.
The lightning arcs!
You are struck by lightning.
The lightning grounds out.
Duvessa zaps a wand.
The puff of flame hits you!
Your scroll labeled VAESETS RAYCVIE catches fire!
* * * LOW HITPOINT WARNING * * *
Casting: Static Discharge
Confirm with . or Enter, or press ? or * to list all spells.
Duvessa is struck by lightning.
Duvessa is almost dead.
The lightning arcs!
You are struck by lightning.
* * * LOW HITPOINT WARNING * * *
The lightning grounds out.
Duvessa zaps a wand.
The puff of flame hits you!
You die...

....# ..#.# ..#.# #.#.#
#.#.#
###.#.###############
#...#................
#...#..#######....###
#...@................
#####e###....##...### #.#
#....###### #.# #....#
##.###....######
#...#####)##...# #...#
###)##...#
....#####...###...##...###
.e........................


You could see Duvessa.

Vanquished Creatures
  An ogre (D:3)
  A centaur skeleton (D:4)
  A hound (D:4)
  2 orc wizards (D:4)
  12 gnolls
  3 adders
  2 worms (D:3)
  An ooze (D:1)
  3 orcs (D:4)
  6 hobgoblins
  2 jackals (D:3)
  2 quokkas (D:2)
  8 bats
  2 giant geckos
  4 giant newts
  7 goblins
  6 kobolds
  4 rats
67 creatures vanquished.

Notes
Turn   | Place    | Note
--------------------------------------------------------------
     0 | D:1      | PolkaDot, the Vampire Air Elementalist, began the quest for the Orb.
     0 | D:1      | Reached XP level 1. HP: 13/13 MP: 4/4
    77 | D:1      | Reached skill level 1 in Conjurations
   335 | D:1      | Reached XP level 2. HP: 4/19 MP: 1/5
  1459 | D:2      | Reached XP level 3. HP: 24/24 MP: 6/6
  1602 | D:2      | Reached XP level 4. HP: 23/30 MP: 1/8
  1946 | D:3      | Noticed an ogre
  2474 | D:3      | Killed an ogre
  2474 | D:3      | Reached skill level 4 in Air Magic
  2474 | D:3      | Reached XP level 5. HP: 5/35 MP: 5/9
  3156 | D:3      | Reached skill level 5 in Air Magic
  3526 | D:4      | Learned a level 3 spell: Static Discharge
  3529 | D:4      | Learned a level 2 spell: Swiftness
  3632 | D:4      | Reached XP level 6. HP: 41/41 MP: 8/10
  4173 | D:4      | Noticed Duvessa
  4195 | D:4      | Killed from afar by Duvessa

Action                   |  1- 3 |  4- 6 || total
-------------------------+-------+-------++-------
Melee: Short sword       |    90 |    77 ||   167
 Cast: Shock             |    24 |    73 ||    97
       Static Discharge  |       |     3 ||     3
  Use: Scroll            |     3 |       ||     3
       Potion            |     3 |     3 ||     6
 Stab: Sleeping          |     2 |     3 ||     5
